 Dungeon Crawl Stone Soup version 0.27-a0-1202-ge72e49191c (webtiles) character file.

Game seed: 10407303829908408115

88 Lanoc the Grasshopper (level 4, -1/26 HPs)
             Began as a Deep Elf Warper on June 2, 2021.
             Was a Plaything of Xom.
             Killed from afar by Natasha (9 damage)
             ... with a magic dart
             ... on level 3 of the Dungeon.
             The game lasted 00:05:26 (2964 turns).

Lanoc the Grasshopper (Deep Elf Warper)             Turns: 2964, Time: 00:05:27

Health: -1/26      AC:  3    Str:  8    XL:     4   Next: 30%
Magic:  10/10      EV: 12    Int: 19    God:    Xom [..*...]
Gold:   95         SH:  0    Dex: 14    Spells: 4/9 levels left

rFire    . . .     SeeInvis .   a - +0 short sword
rCold    . . .     Faith    .   (no shield)
rNeg     . . .     Spirit   .   b - +0 leather armour
rPois    .         Reflect  .   (no helmet)
rElec    .         Harm     .   (no cloak)
rCorr    .         Rampage  .   (no gloves)
Will     .....                  (no boots)
Stlth    +.........             k - amulet of regeneration
HPRegen  1.08/turn              (no ring)
MPRegen  0.12/turn              (no ring)

@: no status effects
A: no striking features
a: Renounce Religion


You were on level 3 of the Dungeon.
You worshipped Xom.
You were a toy of Xom.
You visited 1 branch of the dungeon, and saw 3 of its levels.

You collected 95 gold pieces.

Inventory:

Hand Weapons
 a - a +0 short sword (weapon)
Missiles
 h - a boomerang (quivered)
Armour
 b - a +0 leather armour (worn)
Jewellery
 k - an amulet of regeneration (around neck)
Wands
 o - a wand of paralysis (6)
Scrolls
 c - a scroll of teleportation {unknown}
 d - a scroll of blinking
 f - a scroll of noise {unknown}
 g - 2 scrolls of identify {unknown}
 i - 3 scrolls of immolation
 l - a scroll of fog {unknown}
Potions
 e - a potion of degeneration {unknown}
 j - a potion of mutation {unknown}
 m - 2 potions of attraction {unknown}
 n - a potion of curing {unknown}


   Skills:
 + Level 2.3 Fighting
 - Level 2.0 Short Blades
 - Level 1.0 Throwing
 - Level 0.7 Armour
 + Level 3.4 Dodging
 - Level 3.0 Spellcasting
 * Level 4.6 Translocations


You had 4 spell levels left.
You knew the following spells:

 Your Spells              Type           Power      Damage    Failure   Level
a - Gell's Gravitas       Tloc           10%        N/A       10%         3
h - Blink                 Tloc           N/A        N/A       4%          2

Your spell library contained the following spells:

 Spells                   Type           Power      Damage    Failure   Level
 Lesser Beckoning         Tloc           10%        N/A       10%         3
 Teleport Other           Tloc           20%        N/A       10%         3
 Manifold Assault         Tloc           20%        N/A       65%         5


Dungeon Overview and Level Annotations

Branches:
Dungeon (3/15)

Altars:
Xom

Annotations:
D:3 Natasha


Message History

Natasha stares at you and mumbles some strange words.
The magic dart hits you.
You hit Natasha.
Natasha is almost dead.
Natasha claws you.
You closely miss Natasha.
Natasha is almost dead.
Natasha stares at you and mumbles some strange words.
The magic dart hits you!
You are too injured to fight recklessly!
Throw: boomerang
Press: ? - help, Q - select action, (/) - cycle Shift-Dir - straight line, f/p - Natasha
Aim: Natasha (almost dead, 51% to hit)
You throw a boomerang. The boomerang barely misses Natasha.
Natasha misses you.
Throw: boomerang
Press: ? - help, Q - select action, (/) - cycle Shift-Dir - straight line, f/p - Natasha
Aim: Natasha (severely wounded, 51% to hit)
You throw a boomerang. The boomerang barely misses Natasha.
Natasha stares at you and mumbles some strange words.
You resist with some effort.
Natasha growls.
Natasha misses you.
Throw: boomerang
Press: ? - help, Q - select action, (/) - cycle Shift-Dir - straight line, f/p - Natasha
Aim: Natasha (severely wounded, 51% to hit)
You throw a boomerang. The boomerang hits Natasha.
Natasha is almost dead.
Natasha howls an incantation.
Natasha glows brightly for a moment.
Natasha claws you!
* * * LOW HITPOINT WARNING * * *
A shower of butterflies erupts from you!
Throw: boomerang
Press: ? - help, Q - select action, (/) - cycle Shift-Dir - straight line, f/p - Natasha
Aim: Natasha (almost dead, ally target, 51% to hit)
You throw a boomerang. The boomerang barely misses Natasha.
Natasha casts a spell at you. The magic dart hits you!
You die...

#..#........##.>...#
#..................#
##.#.........##...
#.#.....#.####..#
#.##......###...#
###.#...#...#.....#
#......<..#.#.#.b##
#.........#.#.#.b##.#.#
#[........#.#.#b@h..#.#
#...........#.##b####.#
#........)###.##b...#.#
............#.#####.#.#
#........##.#.# #.#.#
###########.#.# ###.).###
#####.#.###.#.....#
#.....#.#.......#.#
#######.#####.#..<..#.#.#


You could see Natasha (ally target).

Vanquished Creatures
  An iguana (D:2)
  An adder (D:2)
  2 worms (D:2)
  4 ball pythons
  A bat (D:2)
  7 endoplasms
  5 giant cockroaches
  4 goblins
  4 hobgoblins
  2 jackals (D:1)
  4 kobolds
  3 frilled lizards
  4 rats
42 creatures vanquished.

Vanquished Creatures (others)
  6 plants (D:3)
6 creatures vanquished.

Grand Total: 48 creatures vanquished

Notes
Turn   | Place    | Note
-------+----------+-------------------------------------------
     0 | D:1      | Lanoc the Deep Elf Warper began the quest for the Orb.
     0 | D:1      | Reached XP level 1. HP: 12/12 MP: 6/6
   494 | D:1      | Reached XP level 2. HP: 17/17 MP: 8/8
   497 | D:1      | Learned a level 2 spell: Blink
  1635 | D:2      | Reached skill level 4 in Translocations
  1705 | D:2      | Reached XP level 3. HP: 8/21 MP: 9/9
  1709 | D:2      | Learned a level 3 spell: Gell's Gravitas
  2182 | D:2      | Found a faded altar of an unknown god.
  2231 | D:2      | Became a worshipper of Xom of Bone-Dry Humour
  2558 | D:2      | XOM: butterfly on damage
  2599 | D:2      | Reached XP level 4. HP: 26/26 MP: 4/10
  2947 | D:3      | Noticed Natasha
  2963 | D:3      | XOM: butterfly on damage
  2964 | D:3      | Killed from afar by Natasha

Illustrated notes

Levels and vault maps discovered:
D:1:      eino_arrival_cavern_d, layout_loops_ring
D:2:      layout_loops_ring, hellmonk_ecumenical_altar_blasted
D:3:      layout_basic, minmay_lizard_king, uniq_natasha

Skill      XL: |  1  2 |
---------------+-------+-----
Translocations | 4 |  4.6
Fighting       | 2 |  2.3
Dodging        | 3 |  3.4
Short Blades   | |  2.0
Throwing       | |  1.0
Armour         | |  0.7
Spellcasting   | |  3.0

Action                   |  1- 3 |  4- 6 || total
-------------------------+-------+-------++-------
Melee: Short sword       |   129 |    28 ||   157
Throw: Boomerang         |    96 |    11 ||   107
 Cast: Blink             |     9 |       ||     9
Armor: Leather armour    |    38 |     5 ||    43
Dodge: Dodged            |    93 |    14 ||   107

Table legend: (Time is in decaauts)
 A = Elapsed time spent in this place.
 B = Non-inter-level travel time spent in this place.
 C = Inter-level travel time spent in this place.
 D = Time resting spent in this place.
 E = Time spent auto-exploring this place.
 F = Levels seen in this place.
 G = Mean time per level.
                   A        B        C        D        E       F      G
               +--------+--------+--------+--------+--------+-----+--------+
         Total |   2991 |   2936 |     55 |    153 |   2259 |   3 |  997.0 |
       Dungeon |   2991 |   2936 |     55 |    153 |   2259 |   3 |  997.0 |
               +--------+--------+--------+--------+--------+-----+--------+

Top non-repeatable levels by time:
     D:1: 1804 daAuts
     D:2: 1074 daAuts
     D:3: 113 daAuts
